 Dungeon Crawl Stone Soup version 0.31-a0-44-g49d609d0da (webtiles) character file.

Game seed: 813626003538469431

11 omnomnOMINOUS the Caller (level 2, -1/27 HPs)
             Began as an Octopode Wanderer on May 20, 2023.
             Slain by a ball python (3 damage)
             ... on level 1 of the Dungeon.
             The game lasted 00:01:01 (163 turns).

omnomnOMINOUS the Caller (Octopode Wanderer)         Turns: 163, Time: 00:01:01

Health: -1/27      AC:  1    Str: 12    XL:     2   Next: 25%
Magic:  3/3        EV:  9    Int: 14    God:
Gold:   32         SH:  0    Dex: 10    Spells: 3/3 levels left

rFire   . . .        a - +0 club
rCold   . . .        (no shield)
rNeg    . . .        (helmet restricted)
rPois   .            (no amulet)
rElec   .            (no ring)
rCorr   .            (no ring)
SInv    .            (no ring)
Will    .....        (no ring) Stlth
                     (no ring)
HPRegen 0.24/turn    (no ring)
MPRegen 0.08/turn    (no ring)
                     (no ring)

%: no passive effects
@: berserking, constricted, very quick
A: almost no armour, amphibious, 8 rings, camouflage 1, gelatinous body 1,
(nimble swimmer 1), tentacles
a: no special abilities


You were on level 1 of the Dungeon.
You visited 1 branch of the dungeon, and saw 1 of its levels.

You collected 32 gold pieces.

Inventory:

Hand Weapons
 a - a +0 club (weapon)
Jewellery
 e - a ring of poison resistance
Wands
 c - a wand of flame (5) (quivered)
Scrolls
 d - a scroll of immolation {unknown}
 h - a scroll of identify {unknown}
Potions
 f - 2 potions of flight {unknown}
 g - a potion of curing {unknown}
 i - a potion of brilliance {unknown}


   Skills:
 * Level 1.2 Fighting
 + Level 0.1 Maces & Flails
 - Level 2.0 Throwing
 + Level 1.4 Dodging
 + Level 1.1 Spellcasting
 - Level 3.0 Summonings
 - Level 2.0 Earth Magic
 - Level 1.1 Evocations


You had 3 spell levels left.
You didn't know any spells.
Your spell library contained the following spells:

 Spells                   Type           Power      Damage    Failure   Level
 Summon Small Mammal      Summ           36%        N/A       8%          1
 Sandblast                Erth           12%        2d6       12%         1
 Call Canine Familiar     Summ           9%         N/A       22%         3
 Stone Arrow              Conj/Erth      6%         3d7       45%         3
 Summon Lightning Spire   Summ/Air       4%         N/A       80%         4


Dungeon Overview and Level Annotations

Branches:
Dungeon (1/15)

Altars:


Innate Abilities, Weirdness & Mutations

You cannot wear most types of armour.
You are amphibious.
You can wear up to eight rings at the same time.
Your skin changes colour to match your surroundings (Stealth+).
Your rubbery body absorbs attacks. (AC +1, EV +1)
((You are camouflaged when in or above water. (Stealth+)))
You have tentacles for arms and can constrict up to eight enemies at once.


Message History

The kobold barely misses you.
A ball python comes into view.
You barely miss the kobold.
The hobgoblin shouts!
The ball python hisses angrily.
You grab the kobold. You squeeze the kobold.
You kill the kobold!
The hobgoblin hits you.
You hit the hobgoblin but do no damage. You grab the hobgoblin.
You constrict the hobgoblin. The hobgoblin closely misses you.
You hit the hobgoblin.
You kill the hobgoblin!
The endoplasm hits you.
You hit the endoplasm.
The endoplasm is almost dead.
The endoplasm hits you. x2
You hit the endoplasm but do no damage.
The endoplasm is almost dead.
The ball python bites you. The ball python grabs you.
The ball python constricts you.
The endoplasm hits you but does no damage.
The ball python bites you but does no damage.
The ball python constricts you.
You hit the endoplasm.
You kill the endoplasm!
The ball python barely misses you. The ball python constricts you.
You completely miss the ball python. Your grab misses the ball python.
The ball python barely misses you. The ball python constricts you.
The ball python bites you.
* * * LOW HITPOINT WARNING * * *
The ball python constricts you.
* * * LOW HITPOINT WARNING * * *
Unknown command.
You hit the ball python. Your grab misses the ball python.
The ball python is moderately wounded.
The ball python barely misses you. The ball python constricts you.
* * * LOW HITPOINT WARNING * * *
A red film seems to cover your vision as you go berserk!
You feel yourself moving faster!
You feel mighty! The ball python misses you. The ball python constricts you.
The ball python bites you.
You die...

.....## ...#..########
..#.#........#
.#...#.......#
###.#######..###
.......## #....# .
........###....# ...
.........##....####.....
..........#.....@S......
..........##............
..........#.#...........
...<.........#..........
..........#.#......[....
..........##..#.........
.....[....#......#......
.........##..#.#.#......
........##


You could see a ball python.

Vanquished Creatures
  3 ball pythons (D:1)
  An endoplasm (D:1)
  2 hobgoblins (D:1)
  A bat (D:1)
  2 frilled lizards (D:1)
  A kobold (D:1)
  A rat (D:1)
11 creatures vanquished.

Notes
Turn   | Place    | Note
-------+----------+-------------------------------------------
     0 | D:1      | omnomnOMINOUS the Octopode Wanderer began the quest for the
                  | Orb.
     0 | D:1      | omnomnOMINOUS set off with the following items: a +0 club,
                  | a potion of berserk rage, a wand of flame (5); and the
                  | following spells available to memorise: Summon Small
                  | Mammal, Sandblast, Call Canine Familiar, Stone Arrow,
                  | Summon Lightning Spire.
     0 | D:1      | Reached XP level 1. HP: 11/11 MP: 2/2
    82 | D:1      | Reached skill level 1 in Fighting
    83 | D:1      | Reached XP level 2. HP: 16/18 MP: 3/3
   163 | D:1      | Slain by a ball python

Illustrated notes

Levels and vault maps discovered:
D:1:      psy_arrival_dodecagon, layout_rooms, minivault_5, st_stairs_12,
          dreamdust_wishing_well

Skill      XL: |  1 |
---------------+----+-----
Fighting       | 1 |  1.2
Maces & Flails | |  0.1
Throwing       | |  2.0
Dodging        | |  1.4
Spellcasting   | |  1.1
Summonings     | |  3.0
Earth Magic    | |  2.0
Evocations     | |  1.1

Action                     || total
---------------------------++-------
  Melee: Club              ||    31
         Constrict         ||     8
         Tentacles         ||     2
    Use: Potion            ||     1
 Armour: Skin              ||     8
  Dodge: Dodged            ||    29

Table legend: (Time is in decaauts)
 A = Elapsed time spent in this place.
 B = Non-inter-level travel time spent in this place.
 C = Inter-level travel time spent in this place.
 D = Time resting spent in this place.
 E = Time spent auto-exploring this place.
 F = Levels seen in this place.
 G = Mean time per level.
                   A        B        C        D        E       F      G
               +--------+--------+--------+--------+--------+-----+--------+
         Total |    172 |    172 |      0 |      0 |     85 |   1 |  172.0 |
       Dungeon |    172 |    172 |      0 |      0 |     85 |   1 |  172.0 |
               +--------+--------+--------+--------+--------+-----+--------+

Top non-repeatable levels by time:
     D:1: 172 daAuts
